 Dungeon Crawl Stone Soup version 0.17.0-28-g6e173f8 (webtiles) character file.

2670 4thArraOfDagon the Cleaver (level 9, -9/82 HPs)
             Began as a Minotaur Berserker on Nov 26, 2015.
             Was a Believer of Trog.
             Mangled by a basilisk (14 damage)
             ... on level 5 of the Lair of Beasts.
             The game lasted 00:09:32 (1902 turns).

4thArraOfDagon the Cleaver (Minotaur Berserker)     Turns: 1902, Time: 00:09:33

Health: -9/82      AC:  6    Str: 22    XL:     9   Next: 37%
Magic:  8/8        EV: 11    Int:  7    God:    Trog [**....]
Gold:   76         SH:  0    Dex: 10    Spells: 0 memorised, 8 levels left

rFire  . . .     SeeInvis +     j - +0 dire flail (freeze)
rCold  . . .     Clarity  .     i - +0 ring mail
rNeg   . . .     SustAt   .     (shield currently unavailable)
rPois  .         Gourm    .     (helmet restricted)
rElec  .         Spirit   .     (no cloak)
rCorr  .         Warding  .     (no gloves)
rMut   .         Stasis   .     (no boots)
MR     ++...                    d - amulet of rage
Stlth  +.........               (no ring)
                                u - ring of see invisible

@: exhausted, regenerating, very resistant to hostile enchantments, very
unstealthy
A: retaliatory headbutt, horns 2
a: Berserk, Trog's Hand, Burn Spellbooks, Renounce Religion, Evoke Berserk Rage


You were on level 5 of the Lair of Beasts.
You worshipped Trog.
Trog was pleased with you.
You were hungry.

You visited 2 branches of the dungeon, and saw 14 of its levels.

You collected 76 gold pieces.

Inventory:

Hand Weapons
 a - a +0 hand axe
 j - a +0 dire flail of freezing (weapon)
 p - a +0 blowgun
Armour
 i - a +0 ring mail (worn)
Jewellery
 d - an amulet of rage (around neck)
 e - an uncursed ring of wizardry
 u - a ring of see invisible (left hand)
Wands
 r - a wand of flame (38)
Scrolls
 g - a scroll of fog
 o - a scroll of magic mapping
 s - a scroll of brand weapon
 t - a scroll of teleportation
 v - a scroll of noise
Potions
 b - a potion of resistance
 h - a potion of lignification
 k - a potion of cancellation
 l - a potion of mutation {unknown}
 m - 2 potions of might
Miscellaneous
 n - a plain deck of summoning {drawn: 1}
Comestibles
 c - 4 bread rations
 f - a royal jelly
 q - 6 chunks of flesh
 w - a meat ration


   Skills:
 + Level 8.5 Fighting
 * Level 11.3 Axes
 + Level 8.0 Armour
 - Level 2.1 Dodging


You had 8 spell levels left.
You didn't know any spells.

Dungeon Overview and Level Annotations

Branches:
Dungeon (9/15)               Lair (5/8) D:9
 Temple: D:4-7        Swamp: Lair:3-6    Shoals: Lair:3-6     Snake: Lair:3-6
 Spider: Lair:3-6       Orc: D:9-12

Altars:
Dithmenos
Kikubaaqudgha


Innate Abilities, Weirdness & Mutations

You reflexively headbutt those who attack you in melee.
You have a pair of horns on your head.


Message History

Unknown command.
Unknown command.
Unknown command.
Unknown command.
Unknown command.
You sock the basilisk! You freeze the basilisk.
The basilisk is almost dead.
You feel yourself speed up.
The basilisk bites you but does no damage.
Unknown command.
You hit the basilisk but do no damage. Your headbutt misses the basilisk.
The basilisk is almost dead.
You feel the effects of Trog's Hand fading.
The basilisk bites you!
* * * LOW HITPOINT WARNING * * *
Unknown command.
You hit the basilisk but do no damage.
The basilisk is almost dead.
The basilisk bites you!
You die...

.............#
.............#
............#
............## ..
...........†.###..
............##...#.
..................#
.................##
..........@.....#.##.
.........<.l.#......#
.....................
.#...................
.....................
#....................
.....................
........P...........
......###...#.....P


You could see a basilisk.

Vanquished Creatures
  A griffon (Lair:4)
  Joseph (D:8)
  A spiny frog (Lair:5)
  A komodo dragon (Lair:4)
  A hippogriff (Lair:4)
  A water moccasin (Lair:4)
  2 ogres
  Blork the orc (D:5)
  3 crocodiles
  2 giant frogs
  2 scorpions
  5 wights (D:9)
  A giant frog skeleton (D:9)
  2 hounds (D:8)
  An iguana (Lair:4)
  2 orc wizards
  8 river rats (Lair:2)
  2 adders
  3 oozes
  An adder zombie (D:5)
  3 giant geckos
  6 orcs
  A ball python (D:4)
  6 goblins
  4 hobgoblins
  5 jackals
  A kobold (D:3)
  3 bats
  4 giant newts
  5 rats
79 creatures vanquished.

Notes
Turn   | Place    | Note
--------------------------------------------------------------
     0 | D:1      | 4thArraOfDagon the Minotaur Berserker began the quest for the Orb.
     0 | D:1      | Reached XP level 1. HP: 19/19 MP: 0/0
   134 | D:2      | Reached skill level 4 in Axes
   148 | D:2      | Reached XP level 2. HP: 12/27 MP: 1/1
   162 | D:2      | Reached ** piety under Trog
   166 | D:2      | Reached XP level 3. HP: 17/33 MP: 2/2
   184 | D:2      | Found a faded altar to an unknown god.
   332 | D:2      | 200 turns per floor :(
   420 | D:3      | Reached skill level 5 in Axes
   420 | D:3      | Reached XP level 4. HP: 31/41 MP: 3/3
   432 | D:4      | bit faster
   499 | D:4      | Found an ancient bone altar of Kikubaaqudgha.
   591 | D:4      | Noticed a phantom
   707 | D:4      | Found a shadowy altar of Dithmenos.
   805 | D:4      | 400 turns per floor :O
   806 | D:5      | Entered Level 5 of the Dungeon
   860 | D:5      | Noticed Blork the orc
   868 | D:5      | Killed Blork the orc
   868 | D:5      | Reached skill level 6 in Axes
   868 | D:5      | Reached XP level 5. HP: 47/47 MP: 4/4
   909 | D:6      | cursed shit
  1009 | D:6      | Reached skill level 5 in Fighting
  1009 | D:6      | Reached XP level 6. HP: 49/56 MP: 5/5
  1116 | D:6      | 200 per this
  1116 | D:6      | wtf
  1197 | D:8      | Reached skill level 7 in Axes
  1235 | D:8      | Reached XP level 7. HP: 49/61 MP: 6/6
  1296 | D:9      | Reached skill level 5 in Armour
  1326 | D:9      | Reached skill level 8 in Axes
  1399 | D:8      | Noticed Joseph
  1404 | D:8      | Killed Joseph
  1404 | D:8      | Reached skill level 9 in Axes
  1404 | D:8      | Reached XP level 8. HP: 68/71 MP: 7/7
  1452 | D:9      | Found a staircase to the Lair.
  1469 | D:9      | oh well
  1470 | Lair:1   | Entered Level 1 of the Lair of Beasts
  1666 | Lair:4   | Noticed a komodo dragon
  1670 | Lair:4   | Noticed a seven-headed hydra
  1689 | Lair:4   | Killed a komodo dragon
  1689 | Lair:4   | Reached skill level 10 in Axes
  1728 | Lair:4   | Noticed a griffon
  1737 | Lair:4   | Killed a griffon
  1737 | Lair:4   | Reached XP level 9. HP: 81/81 MP: 8/8
  1798 | Lair:4   | Reached *** piety under Trog
  1853 | Lair:5   | Noticed a spiny frog
  1868 | Lair:5   | Killed a spiny frog
  1868 | Lair:5   | Reached skill level 11 in Axes
  1901 | Lair:5   | HP: 4/82 [basilisk (13)]
  1902 | Lair:5   | Mangled by a basilisk

Action                   |  1- 3 |  4- 6 |  7- 9 || total
-------------------------+-------+-------+-------++-------
Melee: Spear             |     7 |       |       ||     7
       Hand axe          |    37 |    24 |       ||    61
       Dire flail        |       |    22 |    94 ||   116
Invok: Berserk           |     2 |     2 |     7 ||    11
       Trog's Hand       |       |       |     5 ||     5
Evoke: Deck              |       |     1 |       ||     1
  Use: Scroll            |     1 |     2 |    10 ||    13
       Potion            |     1 |       |       ||     1
  Eat: Chunk             |       |     4 |     9 ||    13
       Beef jerky        |       |     1 |       ||     1
